[Event "Titled Tuesday Blitz July 4 Late 2023"]
[White "Kovalevsky, Stanislav"]
[Black "Sjugirov, Sanan"]
[WhiteFideId "13508598"]
[BlackFideId "4189302"]
[WhiteElo "2486"]
[BlackElo "2963"]
[Result "0-1"]
[Round "1"]
[TimeControl "180+2"]
[Date "2023.07.04"]
[WhiteClock "0:00:01"]
[BlackClock "0:00:05"]
[Board "24"]

1. c4 e6 2. e4 d5 3. exd5 exd5 4. cxd5 Nf6 5. Nc3 Be7 6. Bc4 O-O 7. Nge2 Nbd7 8. O-O Nb6 9. Bb3 Nbxd5 10. d4 c6 11. Re1 Bg4 12. f3 Be6 13. Nf4 Nxf4 14. Bxf4 Bxb3 15. Qxb3 Qxd4+ 16. Kh1 Qb4 17. Rad1 Rfe8 18. Bg5 Qxb3 19. axb3 h6 20. Bh4 g5 21. Bf2 a6 22. Re5 Bb4 23. Rf5 Re6 24. Bd4 Bxc3 25. bxc3 Rd8 26. Ra1 Nd5 27. h4 Ne7 28. Rfa5 Rd5 29. hxg5 hxg5 30. Kg1 Kh7 31. Kf2 Kg6 32. Rxd5 Nxd5 33. Rh1 Nf4 34. g4 c5 35. Be3 b6 36. Rh8 Nd5 37. Bd2 Ne7 38. Rh5 f6 39. f4 gxf4 40. Bxf4 a5 41. Rh8 Kf7 42. Rb8 Nd5 43. Bd2 Ne7 44. Kf3 Nc6 45. Rb7+ Kg6 46. Bf4 Ne7 47. Bd2 f5 48. gxf5+ Kxf5 49. Be3 Nc6 50. Kf2 Ne5 51. Bd2 Ke4 52. Rh7 Rg6 53. Rh4+ Kd3 54. Be1 Rf6+ 55. Kg1 Nf3+ 56. Kg2 Nxh4+ 57. Bxh4 Re6 58. b4 cxb4 0-1


[Site "https://www.chess.com"]

[Event "Titled Tuesday Blitz July 4 Late 2023"]
[White "Makarian, Rudik"]
[Black "Adury, Anant"]
[WhiteFideId "44105681"]
[BlackFideId "30964687"]
[WhiteElo "2960"]
[BlackElo "2485"]
[Result "1-0"]
[Round "1"]
[TimeControl "180+2"]
[Date "2023.07.04"]
[WhiteClock "0:01:36"]
[BlackClock "0:00:11"]
[Board "25"]

1. d4 g6 2. c4 Bg7 3. Nf3 f6 4. e4 e6 5. Nc3 Ne7 6. Be2 O-O 7. O-O d5 8. h3 b6 9. Bf4 Bb7 10. exd5 exd5 11. Re1 Kh8 12. Rc1 Nbc6 13. cxd5 Nxd5 14. Nxd5 Qxd5 15. Bc4 Qd7 16. Be6 Qd8 17. d5 Ne5 18. Nxe5 fxe5 19. Bxe5 Bxe5 20. Rxe5 Qf6 21. Re2 Ba6 22. Rd2 c5 23. Rc3 Rad8 24. Rf3 Qe5 25. Re3 Qf6 26. Qa4 Bc8 27. Bxc8 Rxc8 28. d6 Rcd8 29. d7 a5 30. Re8 Qf7 31. Rxf8+ Qxf8 32. Qc6 Qf6 1-0


[Site "https://www.chess.com"]

[Event "Titled Tuesday Blitz July 4 Late 2023"]
[White "Yeritsyan, Hayk"]
[Black "Oparin, Grigoriy"]
[WhiteFideId "13307320"]
[BlackFideId "24125890"]
[WhiteElo "2482"]
[BlackElo "2949"]
[Result "0-1"]
[Round "1"]
[TimeControl "180+2"]
[Date "2023.07.04"]
[WhiteClock "0:00:02"]
[BlackClock "0:00:25"]
[Board "26"]

1. d4 d5 2. Nf3 Nf6 3. e3 e6 4. Bd3 b6 5. Ne5 Bb7 6. Nd2 Bd6 7. f4 O-O 8. Qf3 c5 9. c3 Nbd7 10. O-O g6 11. g4 a5 12. Rf2 Ne8 13. Qh3 Ng7 14. Qh6 f5 15. gxf5 exf5 16. Ndf3 Nf6 17. Ng5 Qe7 18. Rg2 Ba6 19. Bc2 Nge8 20. Nxh7 Qxh7 21. Rxg6+ Kh8 22. Bxf5 Bxe5 23. fxe5 Ne4 24. Rg8+ Rxg8+ 0-1


[Site "https://www.chess.com"]

[Event "Titled Tuesday Blitz July 4 Late 2023"]
[White "Svane, Rasmus"]
[Black "Hamitevici, Vladimir"]
[WhiteFideId "4657101"]
[BlackFideId "13902393"]
[WhiteElo "2949"]
[BlackElo "2478"]
[Result "0-1"]
[Round "1"]
[TimeControl "180+2"]
[Date "2023.07.04"]
[WhiteClock "0:00:01"]
[BlackClock "0:00:13"]
[Board "27"]

1. Nf3 d5 2. g3 Nf6 3. Bg2 e6 4. O-O Be7 5. c4 O-O 6. b3 c5 7. cxd5 exd5 8. d4 Nc6 9. Bb2 Ne4 10. dxc5 Bxc5 11. Nc3 Be6 12. Rc1 Qe7 13. Nxd5 Bxd5 14. Qxd5 Rad8 15. Qc4 Bb6 16. e3 Rfe8 17. Rfe1 Na5 18. Qe2 Nc6 19. Red1 Nxf2 20. Rxd8 Nxd8 21. Kxf2 Qxe3+ 22. Qxe3 Bxe3+ 23. Kf1 Bxc1 24. Bxc1 Nc6 25. Bb2 Nb4 26. a3 Nd3 27. Bc3 Nc5 28. Nd2 b6 29. Bd4 Rd8 30. Bxc5 Rxd2 31. Be7 Rd3 32. b4 Rxa3 33. b5 Ra2 34. h4 a6 35. Bc6 axb5 36. Bxb5 h5 37. Be2 Rb2 38. Bxh5 b5 39. Be2 b4 40. Bc5 b3 41. Bd1 Rb1 42. Ke2 b2 43. Bd4 Rxd1 44. Bxb2 Rh1 45. Kf3 f6 46. Bd4 Kf7 47. Bc5 Kg6 48. Bf8 Rb1 49. g4 Rb3+ 50. Kf4 Rb8 51. h5+ Kf7 52. Bc5 Ke6 53. Be3 Rb4+ 54. Kf3 Ke5 55. Bd2 Rb3+ 56. Kg2 Rb2 0-1


[Site "https://www.chess.com"]

[Event "Titled Tuesday Blitz July 4 Late 2023"]
[White "Avila Rodriguez, Joshua Ad"]
[Black "Chigaev, Maksim"]
[WhiteFideId "5126444"]
[BlackFideId "4108116"]
[WhiteElo "2477"]
[BlackElo "2942"]
[Result "0-1"]
[Round "1"]
[TimeControl "180+2"]
[Date "2023.07.04"]
[WhiteClock "0:00:00"]
[BlackClock "0:00:13"]
[Board "28"]

1. d4 Nf6 2. c4 g6 3. Nc3 Bg7 4. e4 d6 5. Be2 O-O 6. Be3 e5 7. d5 Na6 8. h4 Nc5 9. Qc2 Qe8 10. h5 Nxh5 11. Bxh5 gxh5 12. O-O-O f5 13. Bxc5 dxc5 14. Kb1 a6 15. Nf3 b5 16. Nh4 fxe4 17. Nxe4 bxc4 18. Qxc4 Kh8 19. f3 Rb8 20. Qxc5 Qb5 21. Qxb5 Rxb5 22. Rd3 Bb7 23. Nc3 Rb4 24. Ne4 Bf6 25. Nf5 h4 26. g4 hxg3 27. Nfxg3 Rd4 28. Rxd4 exd4 29. Rh5 d3 30. Kc1 Bd8 31. Rf5 Rxf5 32. Nxf5 Bxd5 33. a3 Bxe4 34. fxe4 h5 35. Kd2 h4 36. Kxd3 h3 37. Ng3 Bh4 38. Nf1 Bf6 0-1


[Site "https://www.chess.com"]

[Event "Titled Tuesday Blitz July 4 Late 2023"]
[White "Xiong, Jeffery"]
[Black "Gomez Barrera, Javiera Belen"]
[WhiteFideId "2047640"]
[BlackFideId "3418723"]
[WhiteElo "2942"]
[BlackElo "2475"]
[Result "1-0"]
[Round "1"]
[TimeControl "180+2"]
[Date "2023.07.04"]
[WhiteClock "0:01:57"]
[BlackClock "0:01:01"]
[Board "29"]

1. e4 e5 2. Nf3 Nc6 3. Bc4 Bc5 4. c3 Nf6 5. d4 exd4 6. e5 d5 7. Be2 Ne4 8. cxd4 Bb4+ 9. Bd2 Nxd2 10. Nbxd2 O-O 11. O-O Be6 12. a3 Be7 13. b4 a6 14. Nb3 b6 15. Rc1 Nb8 16. Qc2 c6 17. Bd3 h6 18. Nfd2 a5 19. bxa5 bxa5 20. Nc5 Bxc5 21. Qxc5 Qh4 22. f4 g6 23. Qc3 Rc8 24. Nb3 Nd7 25. a4 Qe7 26. Nxa5 c5 27. Bb5 cxd4 28. Nc6 Qf8 29. Qxd4 Kh7 30. Rc3 Rc7 31. Rfc1 Rac8 32. a5 Nb8 33. a6 Nxc6 34. Bxc6 Qe7 35. Bb7 Rxc3 36. Rxc3 Rxc3 37. Qxc3 d4 38. Qxd4 Qa3 39. h3 1-0


[Site "https://www.chess.com"]

[Event "Titled Tuesday Blitz July 4 Late 2023"]
[White "Han, Yichen"]
[Black "Keymer, Vincent"]
[WhiteFideId "1054430"]
[BlackFideId "12940690"]
[WhiteElo "2475"]
[BlackElo "2939"]
[Result "0-1"]
[Round "1"]
[TimeControl "180+2"]
[Date "2023.07.04"]
[WhiteClock "0:00:18"]
[BlackClock "0:00:40"]
[Board "30"]

1. d4 Nf6 2. c4 e6 3. Nf3 d5 4. Nc3 a6 5. cxd5 exd5 6. Bg5 Be6 7. e3 Nbd7 8. Qc2 h6 9. Bh4 g5 10. Bg3 Nh5 11. Bd3 Nxg3 12. hxg3 c6 13. Bf5 Qf6 14. Bxe6 fxe6 15. O-O Bg7 16. Rad1 O-O 17. e4 Rac8 18. exd5 exd5 19. Rfe1 Rf7 20. Ne5 Nxe5 21. dxe5 Qe6 22. Re2 Bf8 23. Rde1 Be7 24. Qb3 b5 25. a4 Rcf8 26. axb5 axb5 27. Qc2 Kg7 28. Na2 c5 29. Nc3 b4 30. Nb5 Rb8 31. Qd3 Qa6 32. e6 Rf6 33. Qxd5 Qxb5 34. Rc2 Rd8 35. Qe5 Qb8 36. Qe4 Rd6 37. Qc4 Qb6 38. Qxc5 Qxc5 39. Rxc5 Rdxe6 40. Rxe6 Rxe6 41. Rb5 Re1+ 42. Kh2 Re2 43. Kh3 Rxb2 44. Kg4 Rxf2 0-1


[Site "https://www.chess.com"]

[Event "Titled Tuesday Blitz July 4 Late 2023"]
[White "Rasulov, Vugar"]
[Black "Toniutti, Ezio"]
[WhiteFideId "13402390"]
[BlackFideId "113034"]
[WhiteElo "2932"]
[BlackElo "2474"]
[Result "0-1"]
[Round "1"]
[TimeControl "180+2"]
[Date "2023.07.04"]
[WhiteClock "0:00:58"]
[BlackClock "0:00:20"]
[Board "31"]

1. e4 e5 2. Nf3 Nc6 3. g3 Nf6 4. d3 d5 5. exd5 Nxd5 6. Bg2 Nb6 7. O-O Bd6 8. a4 a5 9. Nc3 O-O 10. Re1 Bg4 11. h3 Bh5 12. Be3 Re8 13. Nb5 Bb4 14. c3 Bf8 15. Qc2 Nd5 16. Rad1 Nxe3 17. Rxe3 Qd7 18. Rde1 f6 19. d4 exd4 20. Nfxd4 Nxd4 21. Nxd4 c6 22. Rxe8 Rxe8 23. Rxe8 Bxe8 24. h4 Bf7 25. Qe4 Bc5 26. Nf5 Qd1+ 27. Kh2 Bxf2 28. Qf4 Bg1+ 29. Kh3 Qd8 30. Qg4 g6 31. Nh6+ Kg7 32. Nxf7 Kxf7 33. h5 Qe8 34. h6 Qe6 35. Qxe6+ Kxe6 36. Be4 f5 37. Bd3 Be3 38. g4 Bxh6 39. gxf5+ gxf5 40. Kg3 Ke5 41. Kf3 Bc1 42. b3 Bb2 43. c4 h5 44. Kg3 Bc1 45. Kh4 f4 46. Kxh5 Kd4 47. Bf1 Kc3 48. Bh3 Kxb3 49. Bc8 f3 50. Bg4 f2 51. Be2 Kxa4 52. Kg4 Kb4 53. Kf3 a4 0-1


[Site "https://www.chess.com"]

[Event "Titled Tuesday Blitz July 4 Late 2023"]
[White "Erzhanov, Arman"]
[Black "Eljanov, Pavel"]
[WhiteFideId "4138821"]
[BlackFideId "14102951"]
[WhiteElo "2471"]
[BlackElo "2930"]
[Result "0-1"]
[Round "1"]
[TimeControl "180+2"]
[Date "2023.07.04"]
[WhiteClock "0:00:24"]
[BlackClock "0:00:05"]
[Board "32"]

1. e4 c6 2. d4 d5 3. exd5 cxd5 4. Bd3 Nf6 5. h3 g6 6. c3 Bf5 7. Nf3 Nc6 8. O-O e6 9. Re1 Bxd3 10. Qxd3 Bg7 11. Bf4 O-O 12. Nbd2 Nh5 13. Bh2 Bh6 14. Ne5 Nxe5 15. Bxe5 Re8 16. Nf3 Qb6 17. Re2 Nf4 18. Bxf4 Bxf4 19. Rae1 Qa6 20. Qb1 h5 21. g3 Bh6 22. h4 b5 23. a3 Qd6 24. Ne5 Kg7 25. f4 a5 26. Nd3 Kg8 27. Kg2 Bg7 28. Qd1 Bf6 29. Re3 Kg7 30. R3e2 Rab8 31. Re3 Be7 32. Re5 Qc7 33. f5 gxf5 34. Qxh5 Rh8 35. Qf3 Bd6 36. R5e3 Rh6 37. Rf1 Rg6 38. Nf4 Bxf4 39. Qxf4 Qxf4 40. Rxf4 b4 41. axb4 axb4 42. Rf2 bxc3 43. bxc3 Rg4 44. Kf3 Kf6 45. Ra2 Rb3 46. Ra7 Re4 47. Rd3 Rb1 48. Ra2 f4 49. gxf4 Rf1+ 50. Rf2 Rxf2+ 51. Kxf2 Rxf4+ 52. Kg3 Re4 53. Rf3+ Kg6 54. h5+ Kg7 55. h6+ Kg6 56. h7 Kxh7 57. Rxf7+ Kg6 58. Rf3 Kg5 59. Kf2 Kg4 60. Rg3+ Kf5 61. Rf3+ Kg5 62. Rg3+ Kf6 63. Rf3+ Ke7 64. Rh3 Kd6 65. Re3 Rh4 66. Ke2 Rh1 67. Kd3 Rh2 68. Rf3 Rh6 69. Re3 Kc6 70. Rf3 Kb5 71. Re3 Rf6 72. Kc2 Kc4 73. Kd2 Rh6 74. Kc2 Rg6 75. Kd2 Rf6 76. Kc2 Rh6 77. Kd2 Rh2+ 78. Kd1 Kb3 79. Rxe6 Kxc3 80. Re3+ Kxd4 81. Rg3 Ke4 82. Ra3 d4 83. Rb3 Ra2 84. Ke1 Kd5 85. Rg3 Kc4 86. Kd1 Rf2 87. Ke1 Rc2 88. Kd1 Rc3 89. Rg8 Rh3 90. Rb8 Kc3 91. Ra8 Rh1+ 92. Ke2 d3+ 93. Ke3 Re1+ 94. Kf2 d2 95. Rc8+ Kb4 96. Rd8 d1=Q 97. Rxd1 Rxd1 98. Ke2 Rd4 99. Ke3 Kc3 100. Ke2 Rd3 101. Kf2 Kd4 102. Ke1 Ke3 103. Kf1 Kf3 104. Kg1 Kg3 105. Kf1 Re3 106. Kg1 Re1# 0-1


[Site "https://www.chess.com"]

[Event "Titled Tuesday Blitz July 4 Late 2023"]
[White "Ibrahimli, Murad"]
[Black "Le Goff, Ronan"]
[WhiteFideId "13410229"]
[BlackFideId "612073"]
[WhiteElo "2915"]
[BlackElo "2470"]
[Result "1-0"]
[Round "1"]
[TimeControl "180+2"]
[Date "2023.07.04"]
[WhiteClock "0:00:55"]
[BlackClock "0:01:23"]
[Board "33"]

1. c4 e6 2. Nc3 d5 3. d4 Be7 4. Nf3 Nf6 5. g3 O-O 6. Bg2 dxc4 7. O-O Nc6 8. e4 Rb8 9. Be3 b5 10. a3 a6 11. h3 Bb7 12. Qc2 Na5 13. Rad1 Qc8 14. d5 exd5 15. e5 Nd7 16. Nxd5 Bxd5 17. Rxd5 Re8 18. e6 fxe6 19. Rdd1 Nf8 20. h4 Bf6 21. Ng5 h6 22. Ne4 Be7 23. Bh3 Nb3 24. Qe2 c5 25. Qg4 Kh8 26. Qh5 Nd4 27. Rxd4 cxd4 28. Bxd4 Kg8 29. Qe5 Bf6 30. Nxf6+ gxf6 31. Qxf6 e5 32. Bxc8 Rbxc8 33. Bxe5 Nd7 34. Qg7# 1-0


[Site "https://www.chess.com"]

[Event "Titled Tuesday Blitz July 4 Late 2023"]
[White "Camacho Collados, Marcos"]
[Black "Lenderman, Aleksandr"]
[WhiteFideId "2266237"]
[BlackFideId "2021285"]
[WhiteElo "2468"]
[BlackElo "2911"]
[Result "1-0"]
[Round "1"]
[TimeControl "180+2"]
[Date "2023.07.04"]
[WhiteClock "0:00:33"]
[BlackClock "0:01:49"]
[Board "34"]

1. Nf3 g6 2. g3 Bg7 3. Bg2 Nf6 4. O-O O-O 5. d3 d6 6. e4 c5 7. Nc3 Nc6 8. Be3 Ng4 9. Bg5 h6 10. Bd2 Nge5 11. Nxe5 Nxe5 12. f4 Bg4 13. Qe1 Nc6 14. h3 Bd7 15. g4 Nd4 16. Rc1 f5 17. exf5 gxf5 18. g5 hxg5 19. fxg5 Bc6 20. Qh4 Qe8 21. Nd5 Ne2+ 22. Kh1 Nxc1 23. g6 Rf6 24. Nxf6+ exf6 25. Qh7+ Kf8 26. Bh6 Bxg2+ 27. Kxg2 Qc6+ 28. Kh2 Ke7 29. Qxg7+ Kd8 30. Bxc1 Qe8 31. Qxf6+ Kc7 32. Qf7+ Kc6 33. Qxe8+ Rxe8 34. g7 Rg8 35. Bh6 1-0


[Site "https://www.chess.com"]

[Event "Titled Tuesday Blitz July 4 Late 2023"]
[White "Durarbayli, Vasif"]
[Black "Zeman, Matyas"]
[WhiteFideId "13402935"]
[BlackFideId "364398"]
[WhiteElo "2911"]
[BlackElo "2468"]
[Result "1-0"]
[Round "1"]
[TimeControl "180+2"]
[Date "2023.07.04"]
[WhiteClock "0:00:21"]
[BlackClock "0:00:00"]
[Board "35"]

1. e4 e6 2. d4 d5 3. e5 c5 4. c3 Nc6 5. Nf3 Bd7 6. Be2 cxd4 7. cxd4 Nge7 8. Na3 Ng6 9. Nc2 Be7 10. g3 O-O 11. h4 f6 12. h5 Nh8 13. h6 g6 14. exf6 Bxf6 15. Bf4 Nf7 16. Qd2 Qa5 17. Qxa5 Nxa5 18. Ne3 Nc6 19. Ng4 Bh8 20. O-O-O a6 21. Kb1 Rac8 22. Rhe1 Rfe8 23. Bf1 e5 24. Ngxe5 Bf5+ 25. Bd3 Bxd3+ 26. Rxd3 Ne7 27. Nxf7 Kxf7 28. Rde3 Nf5 29. Ng5+ Kf8 30. Nxh7+ Kf7 31. Ng5+ Kf8 32. Rxe8+ Rxe8 33. Rxe8+ Kxe8 34. h7 Nxd4 35. Bd6 Nf5 36. Bc5 Bf6 37. g4 Nh6 38. Ne6 Kf7 39. g5 Kxe6 40. gxh6 Kf7 41. f4 d4 42. Kc2 d3+ 43. Kxd3 1-0


[Site "https://www.chess.com"]

[Event "Titled Tuesday Blitz July 4 Late 2023"]
[White "Fiedorek, Michal"]
[Black "Sanal, Vahap"]
[WhiteFideId "1199528"]
[BlackFideId "6300545"]
[WhiteElo "2467"]
[BlackElo "2892"]
[Result "0-1"]
[Round "1"]
[TimeControl "180+2"]
[Date "2023.07.04"]
[WhiteClock "0:00:03"]
[BlackClock "0:00:44"]
[Board "36"]

1. d4 d6 2. e4 Nf6 3. Nc3 e5 4. Nf3 Nbd7 5. Bc4 Be7 6. O-O O-O 7. h3 c6 8. a4 h6 9. Re1 Re8 10. a5 Rb8 11. Be3 b5 12. axb6 axb6 13. dxe5 dxe5 14. Bb3 Qc7 15. Qe2 Nc5 16. Bxc5 Bxc5 17. Rad1 b5 18. Nh4 Bd4 19. Qf3 Be6 20. Nf5 Bxf5 21. Qxf5 Rbd8 22. Rd3 Rd6 23. Rg3 Kf8 24. Rd3 Ng8 25. Rf3 Nf6 26. Rd3 Red8 27. Red1 g6 28. Qf3 Nh5 29. R3d2 Rf6 30. Qg4 Nf4 31. Qh4 Kg7 32. Kh2 Rdd6 33. Qg3 Nh5 34. Qh4 Rf4 35. g4 Nf6 36. Qg3 b4 37. Ne2 Nxe4 38. Nxd4 Nxg3 39. Ne6+ Rxe6 40. fxg3 Rff6 41. Bxe6 Rxe6 42. Rd7 Qb6 43. Rf1 Rf6 0-1


[Site "https://www.chess.com"]

[Event "Titled Tuesday Blitz July 4 Late 2023"]
[White "Erdogmus, Yagiz Kaan"]
[Black "Nunez V, Gustavo Eduardo"]
[WhiteFideId "44599790"]
[BlackFideId "4403690"]
[WhiteElo "2889"]
[BlackElo "2464"]
[Result "1-0"]
[Round "1"]
[TimeControl "180+2"]
[Date "2023.07.04"]
[WhiteClock "0:00:08"]
[BlackClock "0:00:33"]
[Board "37"]

1. e4 c5 2. Nf3 Nc6 3. d4 cxd4 4. Nxd4 e5 5. Nb5 a6 6. Nd6+ Bxd6 7. Qxd6 Qf6 8. Qxf6 Nxf6 9. Nc3 Nb4 10. Kd1 Ng4 11. Be3 Nxe3+ 12. fxe3 O-O 13. Kd2 d6 14. a3 Nc6 15. Rd1 Bg4 16. Be2 Bxe2 17. Kxe2 Rad8 18. Rd2 Na5 19. b3 Rfe8 20. Rhd1 Re6 21. Na4 Rg6 22. Kf2 h5 23. Rd5 b5 24. Nb2 Rc8 25. R1d2 Nb7 26. Nd3 Rf6+ 27. Ke2 h4 28. Nb4 Nc5 29. Rxd6 Rxd6 30. Rxd6 Nxe4 31. Rxa6 Rd8 32. Nd3 Nc3+ 33. Kd2 Nb1+ 34. Kc1 Nc3 35. Rc6 Nd5 36. Nxe5 Nxe3 37. g3 h3 38. a4 bxa4 39. bxa4 Rd1+ 40. Kb2 Nf1 41. Nf3 Rd5 42. Rc3 g5 43. Rd3 Ra5 44. Rd1 Ne3 45. Rd3 Ng4 46. Kb3 Nf2 47. Rd8+ Kg7 48. c4 g4 49. Nd4 Ne4 50. Rd5 Ra8 51. Nf5+ Kf6 52. Ne3 Ke6 53. Nxg4 f5 54. Re5+ Kd6 55. Rxf5 Rb8+ 56. Rb5 Nc5+ 57. Kb4 Nd3+ 58. Kc3 Rg8 59. Nf6 Rf8 60. Ne4+ Kc6 61. Kxd3 Rf3+ 62. Kd4 Rf1 63. Rh5 Ra1 64. Rh6+ Kd7 65. Rxh3 Rxa4 66. Nc5+ Kc6 67. Nxa4 Kb7 68. Rh6 Ka7 69. c5 Kb7 70. Kd5 Kc7 71. c6 Kb8 72. Kd6 Ka7 73. c7 Ka6 74. c8=Q+ Kb5 75. Qc5+ Kxa4 76. Rh4+ Kb3 77. Rb4+ Ka2 78. Qa5# 1-0


[Site "https://www.chess.com"]

[Event "Titled Tuesday Blitz July 4 Late 2023"]
[White "QuiesPrecatio"]
[Black "Zhigalko, Sergei"]
[BlackFideId "13502956"]
[WhiteElo "2462"]
[BlackElo "2886"]
[Result "0-1"]
[Round "1"]
[TimeControl "180+2"]
[Date "2023.07.04"]
[WhiteClock "0:00:05"]
[BlackClock "0:00:04"]
[Board "38"]

1. d4 Nf6 2. c4 e6 3. Nf3 b6 4. g3 Ba6 5. Nbd2 Bb4 6. Qc2 Bb7 7. Bg2 Be4 8. Qa4 Bxd2+ 9. Bxd2 O-O 10. O-O d6 11. Nh4 Bxg2 12. Nxg2 Qc8 13. Rfd1 Qb7 14. f3 Nc6 15. Bc3 d5 16. Rac1 Rfd8 17. Nf4 dxc4 18. Qxc4 b5 19. Qc5 Nd7 20. Qg5 h6 21. Qh4 b4 22. Be1 Nf8 23. Nh5 Qb5 24. Bf2 Qxe2 25. Qg4 Ng6 26. Re1 Qb5 27. Rc5 Qb7 28. Rec1 Rd6 29. Qe4 f5 30. Qc2 Nge7 31. d5 Rxd5 32. Rxc6 Nxc6 33. Qxc6 Qxc6 34. Rxc6 Rad8 35. Nf4 Rd1+ 36. Kg2 R8d2 37. Rxc7 Rxb2 38. Nxe6 Rdd2 39. Rxg7+ Kh8 40. Rf7 Rxf2+ 41. Kh3 Rxh2# 0-1


[Site "https://www.chess.com"]

[Event "Titled Tuesday Blitz July 4 Late 2023"]
[White "Dardha, Daniel"]
[Black "Shapiro, Viktor"]
[WhiteFideId "240990"]
[BlackFideId "4175700"]
[WhiteElo "2884"]
[BlackElo "2460"]
[Result "1-0"]
[Round "1"]
[TimeControl "180+2"]
[Date "2023.07.04"]
[WhiteClock "0:01:39"]
[BlackClock "0:01:03"]
[Board "39"]

1. e4 Nf6 2. e5 Nd5 3. d4 d6 4. Nf3 Bg4 5. Be2 e6 6. O-O Be7 7. c4 Nb6 8. h3 Bh5 9. exd6 cxd6 10. b3 O-O 11. Nc3 d5 12. c5 Bxf3 13. Bxf3 Nc8 14. b4 Nc6 15. b5 Na5 16. Bf4 Bf6 17. Qd3 Ne7 18. Rab1 g6 19. Rfe1 Nf5 20. Ne2 b6 21. c6 Nc4 22. Bg4 Nfd6 23. a4 h5 24. Bxe6 fxe6 25. Qxg6+ Bg7 26. Qxe6+ Nf7 27. Ng3 Qh4 28. Bc7 Rac8 29. Nf5 Qf6 30. Ne7+ Kh7 31. Nxc8 Qxe6 32. Rxe6 Rxc8 33. Bg3 Bxd4 34. Rd1 Bc5 35. Rxd5 h4 36. Rh5+ Kg7 37. Rxh4 a6 38. Rxc4 1-0


[Site "https://www.chess.com"]

[Event "Titled Tuesday Blitz July 4 Late 2023"]
[White "Molenda, Marcin"]
[Black "Ibarra Jerez, Jose Carlos"]
[WhiteFideId "1173065"]
[BlackFideId "2226332"]
[WhiteElo "2460"]
[BlackElo "2881"]
[Result "1-0"]
[Round "1"]
[TimeControl "180+2"]
[Date "2023.07.04"]
[WhiteClock "0:00:22"]
[BlackClock "0:00:00"]
[Board "40"]

1. e4 c5 2. c3 Nf6 3. e5 Nd5 4. Nf3 Nc6 5. Bc4 Nb6 6. Bb3 g6 7. d4 cxd4 8. cxd4 Bg7 9. O-O O-O 10. Nc3 d6 11. Bf4 Bg4 12. exd6 Nxd4 13. Qe1 exd6 14. Nxd4 Bxd4 15. h3 Bf5 16. Rd1 Re8 17. Qd2 Be5 18. Nb5 Bd3 19. Qxd3 Bxf4 20. Qf3 Qf6 21. Nc7 Kg7 22. Nxa8 Rxa8 23. Qxb7 Be5 24. Rfe1 h5 25. Qf3 Qxf3 26. gxf3 a5 27. f4 Bxf4 28. Re7 Rf8 29. Rb7 Nc8 30. Rd5 Bc1 31. Rxa5 Bxb2 32. Ra8 d5 33. Rbb8 Re8 34. Rxc8 Re1+ 35. Kg2 Be5 36. Bxd5 Rd1 37. Bb3 Rd2 38. Ra7 Bd4 39. Rxf7+ Kh6 40. h4 g5 41. Rc6+ 1-0


[Site "https://www.chess.com"]

[Event "Titled Tuesday Blitz July 4 Late 2023"]
[White "Bordi, Kevin"]
[Black "Baches Garcia, Guillermo"]
[WhiteFideId "621862"]
[BlackFideId "2209764"]
[WhiteElo "2878"]
[BlackElo "2460"]
[Result "1/2-1/2"]
[Round "1"]
[TimeControl "180+2"]
[Date "2023.07.04"]
[WhiteClock "0:00:07"]
[BlackClock "0:00:06"]
[Board "41"]

1. e4 d5 2. exd5 Qxd5 3. Nc3 Qa5 4. b4 Qxb4 5. Rb1 Qd6 6. Nf3 Nf6 7. d4 c6 8. Rb3 g6 9. Ba3 Qc7 10. d5 cxd5 11. Nxd5 Nxd5 12. Qxd5 Bg7 13. Re3 Be6 14. Qb5+ Nc6 15. Ng5 O-O 16. Nxe6 fxe6 17. Bd3 Nd4 18. Qg5 Qc3+ 19. Kf1 Qxa3 20. Re1 Qd6 21. h4 Qf4 22. Qxf4 Rxf4 23. h5 g5 24. h6 Bf6 25. c3 Nf5 26. Rh3 g4 27. Rh2 g3 28. Rh3 Rxf2+ 29. Kg1 Bxc3 30. Rxe6 Bd4 31. Kh1 Rc8 32. Re1 Be5 33. Rh5 e6 34. Rg5+ Kf7 35. Rg4 Bf6 36. Rge4 Rd8 37. Bc4 Nd4 38. Rd1 Rc8 39. Bd3 Rc5 40. Rg4 Nf5 41. Re1 Rd5 42. Bc4 Rd6 43. Bb3 Rfd2 44. Rge4 Nd4 45. Ba4 b5 46. Bd1 Nf5 47. Bh5+ Ke7 48. Bg4 Kd7 49. Rf1 R6d4 50. Bf3 Rxe4 51. Bxe4 Bg5 52. Rb1 Be3 53. Bf3 Bf2 54. Rxb5 Rxa2 55. Rb7+ Kd6 56. Rb1 a5 57. Be4 Ke5 58. Bxf5 exf5 59. Rb5+ Ke6 60. Re5+ Kd6 61. Rd5+ Kc6 62. Rc5+ Kb6 63. Rb5+ Ka6 64. Rxa5+ Rxa5 1/2-1/2


[Site "https://www.chess.com"]

[Event "Titled Tuesday Blitz July 4 Late 2023"]
[White "Rengifo Blancas, Renzo Jhonathan"]
[Black "Elsa167"]
[WhiteFideId "3807185"]
[WhiteElo "2454"]
[BlackElo "2867"]
[Result "1-0"]
[Round "1"]
[TimeControl "180+2"]
[Date "2023.07.04"]
[WhiteClock "0:00:07"]
[BlackClock "0:00:08"]
[Board "42"]

1. e4 e6 2. d4 d5 3. Bd3 c5 4. exd5 exd5 5. dxc5 Bxc5 6. Nf3 Nf6 7. O-O O-O 8. Nc3 Nc6 9. h3 h6 10. Bf4 Re8 11. Qd2 Be6 12. Rfe1 Bb4 13. a3 Ba5 14. b4 Bc7 15. Rad1 Bxf4 16. Qxf4 Rc8 17. Nb5 a6 18. Nd6 Qc7 19. Qh2 Red8 20. Nxc8 Qxc8 21. Qf4 Ne7 22. Nd4 Nc6 23. Nxe6 fxe6 24. Qh4 e5 25. c4 e4 26. cxd5 exd3 27. dxc6 Qxc6 28. Qg3 Qc2 29. Rb1 Ne4 30. Qe3 d2 31. Red1 Nc3 32. Qe7 Rf8 33. Qc5 Rd8 34. Ra1 Qd3 35. Qe7 Nxd1 36. Rxd1 Rd7 37. Qe6+ Kh7 38. Kh2 Qd6+ 39. Qxd6 Rxd6 40. Kg3 Rd3+ 41. Kf4 b5 42. Ke4 Rxa3 43. Rxd2 Rb3 44. Rd4 Rb2 45. Kf3 g5 46. Rd6 Ra2 47. Rb6 h5 48. Ke3 Ra3+ 49. Ke2 h4 50. Rc6 Kg7 51. Rb6 Kf7 52. Rc6 Ra4 53. Rb6 Ke7 54. Rg6 Kd7 55. Rxg5 Rxb4 56. Rg6 a5 57. Ra6 a4 58. g4 hxg3 59. fxg3 Kc7 60. h4 Kb7 61. Ra5 Re4+ 62. Kf3 Kb6 63. Ra8 Re7 64. h5 Kb7 65. Ra5 Kb6 66. Ra8 Rf7+ 67. Ke4 Rg7 68. Kf4 Rf7+ 69. Ke4 Re7+ 70. Kf4 Rg7 71. h6 Rg6 72. h7 Rh6 73. h8=Q Rxh8 74. Rxh8 a3 75. Ra8 b4 76. g4 Kc5 77. g5 Kc4 78. g6 b3 79. g7 b2 80. g8=Q+ Kc3 81. Qc8+ Kb3 82. Qb7+ Ka2 83. Qd5+ Kb1 84. Qd1+ Ka2 85. Qc2 Ka1 86. Rxa3# 1-0


[Site "https://www.chess.com"]

[Event "Titled Tuesday Blitz July 4 Late 2023"]
[White "Moroni, Luca Jr"]
[Black "Balla, Tamas-Kristof"]
[WhiteFideId "865834"]
[BlackFideId "1208497"]
[WhiteElo "2853"]
[BlackElo "2453"]
[Result "1-0"]
[Round "1"]
[TimeControl "180+2"]
[Date "2023.07.04"]
[WhiteClock "0:00:47"]
[BlackClock "0:00:20"]
[Board "43"]

1. d4 d5 2. c4 e6 3. Nc3 c5 4. cxd5 exd5 5. Nf3 Nc6 6. g3 Nf6 7. Bg2 cxd4 8. Nxd4 Bc5 9. Nb3 Bb6 10. O-O d4 11. Ne4 Nxe4 12. Bxe4 Bh3 13. Re1 O-O 14. Bf4 Re8 15. Bg2 Bxg2 16. Kxg2 Qd5+ 17. Kg1 Rad8 18. Rc1 h6 19. a3 Ne5 20. Bxe5 Qxe5 21. Qd3 Re6 22. Nd2 Rde8 23. Nc4 Qd5 24. b4 Rf6 25. a4 Qh5 26. Nxb6 Rxb6 27. Qxd4 Qf5 28. b5 Re4 29. Qd8+ Kh7 30. Qd3 Qg6 31. Rc4 f5 32. Rxe4 fxe4 33. Qe3 a6 34. Rb1 axb5 35. Rxb5 Ra6 36. a5 Qc6 37. Re5 Qc7 38. Qxe4+ Rg6 39. Re6 Qf7 40. Rxg6 Qxg6 41. Qxg6+ Kxg6 42. e4 Kf6 43. f4 Ke6 44. Kf2 Kf6 1-0


[Site "https://www.chess.com"]

[Event "Titled Tuesday Blitz July 4 Late 2023"]
[White "Miszler, Levente"]
[Black "Henriquez Villagra, Cristobal"]
[WhiteFideId "763276"]
[BlackFideId "3409350"]
[WhiteElo "2452"]
[BlackElo "2850"]
[Result "0-1"]
[Round "1"]
[TimeControl "180+2"]
[Date "2023.07.04"]
[WhiteClock "0:01:21"]
[BlackClock "0:01:48"]
[Board "44"]

1. Nf3 d6 2. c4 Nf6 3. g3 e5 4. Nc3 Be7 5. d3 O-O 6. Bg2 Re8 7. O-O Bf8 8. Nd2 c6 9. Rb1 d5 10. cxd5 cxd5 11. e4 d4 12. Nd5 Nbd7 13. Nc4 Nxd5 14. exd5 Nb6 15. f4 Nxc4 16. dxc4 Bf5 17. Ra1 d3 18. fxe5 Rxe5 19. Rxf5 Rxf5 20. Qxd3 Bc5+ 21. Kh1 Rf2 22. b3 Qf6 23. Rb1 Re8 24. Bf4 Ree2 25. Rg1 Rxg2 26. Rxg2 Re1+ 0-1


[Site "https://www.chess.com"]